 Dungeon Crawl Stone Soup version 0.30.0-11-gf55b779eaf (webtiles) character file.

Game seed: 17877589440309139180

42799 meatpath the Grappler (level 13, -3/140 HPs)
             Began as a Troll Monk on May 15, 2023.
             Was the Champion of Wu Jian.
             Slain by a blink frog (8 damage)
             ... on level 5 of the Lair of Beasts on May 16, 2023.
             The game lasted 00:57:25 (13906 turns).

meatpath the Grappler (Troll Monk)                 Turns: 13906, Time: 00:57:26

Health: -3/140     AC:  2    Str: 26    XL:     13   Next: 87%
Magic:  12/12      EV: 15    Int: 11    God:    Wu Jian [******]
Gold:   1055       SH:  0    Dex: 15    Spells: 12/12 levels left

rFire   + . .        z - +5 morningstar (freeze)
rCold   . . .        c - orb {light}
rNeg    . . .        (body armour restricted)
rPois   .            (helmet restricted)
rElec   .            (no cloak)
rCorr   +            (gloves unavailable)
SInv    .            (boots unavailable)
Will    .....        (no amulet)
Stlth   +            h - ring of protection from fire
HPRegen 1.23/turn    t - ring "Decul" {rCorr Int+5 Dex+3}
MPRegen 0.13/turn

%: no passive effects
@: about to teleport, hasted, glowing, very quick
A: large, unfitting armour, claws 3, regeneration 1, shaggy fur 1, tough skin 1
a: Renounce Religion, Wall Jump, Serpent's Lash, Heavenly Storm


You were on level 5 of the Lair of Beasts.
You worshipped Wu Jian.
Wu Jian was exalted by your worship.
You visited 2 branches of the dungeon, and saw 15 of its levels.
You also visited: Ossuary and Volcano.

You collected 1055 gold pieces.

Inventory:

Hand Weapons
 z - a +5 morningstar of freezing (weapon)
Missiles
 F - 5 throwing nets (quivered)
Armour
 c - an orb of light (worn)
 e - a +2 robe of cold resistance
 w - a +4 troll leather armour
 y - an orb of mayhem
 J - +0 steam dragon scales
Jewellery
 h - a ring of protection from fire (left claw)
 r - a ring of protection from fire
 t - the ring "Decul" (right claw) {rCorr Int+5 Dex+3}
   (You found it on level 3 of the Dungeon)

   [ring of resist corrosion]

   Int:       It affects your intelligence (+5).
   Dex:       It affects your dexterity (+3).
   rCorr:     It protects you from acid and corrosion.
Wands
 p - a wand of flame (37)
 A - a wand of polymorph (5)
 D - a wand of light (23)
 M - a wand of iceblast (8)
 N - a wand of mindburst (4)
Scrolls
 i - 2 scrolls of magic mapping
 l - 2 scrolls of silence
 n - 4 scrolls of fog
 o - 5 scrolls of teleportation
 x - a scroll of poison
 C - 2 scrolls of noise
Potions
 b - 2 potions of ambrosia
 g - 2 potions of resistance
 j - 8 potions of curing
 q - 3 potions of haste
 s - 4 potions of heal wounds
 u - 4 potions of flight
 v - 4 potions of mutation
 B - 3 potions of cancellation
 E - 5 potions of brilliance
 G - a potion of attraction {unknown}
 H - 4 potions of magic {unknown}
 I - a potion of might
 L - a potion of lignification {unknown}


   Skills:
 + Level 12.2 Fighting
 - Level 3.2 Maces & Flails
 + Level 2.3 Armour
 - Level 11.2 Dodging
 + Level 14.4 Unarmed Combat
 - Level 2.1 Evocations


You had 12 spell levels left.
You didn't know any spells.
Your spell library contained the following spells:

 Spells                   Type           Power      Damage    Failure   Level
 Apportation              Tloc           0%         N/A       34%         1
 Kiss of Death            Conj/Necr      0%         2d5       34%         1
 Necrotise                Necr           0%         1d4       34%         1
 Shock                    Conj/Air       0%         1d3       34%         1
 Confusing Touch          Hex            0%         N/A       71%         3
 Stone Arrow              Conj/Erth      0%         3d7       71%         3
 Swiftness                Air            0%         N/A       71%         3
 Vampiric Draining        Necr           0%         2d6       71%         3
 Airstrike                Air            0%         2d(0-16)  98%         4
 Anguish                  Hex/Necr       0%         N/A       98%         4
 Animate Armour           Summ/Erth      0%         N/A       98%         4
 Cause Fear               Hex            0%         N/A       98%         4
 Dispel Undead            Necr           0%         3d6       98%         4
 Manifold Assault         Tloc           0%         N/A       98%         4
 Agony                    Necr           0%         N/A       100%        5
 Alistair's Intoxication  Tmut/Pois      0%         N/A       100%        5
 Summon Forest            Summ/Tloc      0%         N/A       100%        5
 Dispersal                Tloc           0%         N/A       100%        6
 Enfeeble                 Hex            0%         N/A       100%        7
 Lehudib's Crystal Spear  Conj/Erth      0%         10d2      100%        8


Dungeon Overview and Level Annotations

Branches:
Dungeon (10/15)            Temple (0/1) D:4            Lair (5/5) D:9
 Shoals (0/4) Lair:3        Snake (0/4) Lair:3          Orc (0/2) D:9
Ossuary (visited)         Volcano (visited)
  Slime: Lair:4-5

Altars:
Ashenzari
Gozag
Hepliaklqana
Qazlal
Wu Jian
Yredelemnul
Zin

Annotations:
D:6 2 transporters


Innate Abilities, Weirdness & Mutations

You are too large for most types of armour.
You have claws for hands.
Your natural rate of healing is unusually fast.
You are covered in fur. (AC +1)
You have tough skin. (AC +1)


Message History

The four-headed hydra stops moving altogether!
A blink frog comes into view.
The blink frog misses you.
A blink frog comes into view.
Okay, then.
You feel much better.
The blink frog gives a loud, deep croak!
The blink frog croaks.
The cane toad is no longer petrified.
A blink frog comes into view.
The blink frog hits you!
* * * LOW HITPOINT WARNING * * *
The catoblepas gores you!!
* * * LOW HITPOINT WARNING * * *
You feel yourself speed up.
The blink frog croaks.
The catoblepas gores you!
* * * LOW HITPOINT WARNING * * *
The blink frog hits you.
* * * LOW HITPOINT WARNING * * *
The blink frog blinks! x3
The blink frog blinks!
You feel much better. The catoblepas gores you.
* * * LOW HITPOINT WARNING * * *
You spin and attack the blink frog.
You closely miss the blink frog.
The blink frog is no longer moving slowly.
The blink frog hits you.
* * * LOW HITPOINT WARNING * * *
The blink frog blinks!
As you read the scroll of teleportation, it crumbles to dust.
You feel strangely unstable. The blink frog closely misses you.
The catoblepas breathes a plume of calcifying dust at you.
The blast of calcifying dust hits you.
* * * LOW HITPOINT WARNING * * *
The blink frog hits you!
* * * LOW HITPOINT WARNING * * *
The blink frog hits you!
* * * LOW HITPOINT WARNING * * *
The blink frog hits you!
You die...

...............
...............
...............
.....§.).......
.....§......P ##
#.....§F...## #..
......§FF...##...
.......@F........
.......§F.§.§....
......§§Y§§§§....
.....§§§§F§§.....
......§§D§§§.....
.....§..§§§#.....
........§.##.....
........F##..#.##
......F...#.# #.#


You could see a catoblepas, a cane toad and 5 blink frogs.

Vanquished Creatures
  Harold (D:9)
  2 hydras
  3 two-headed ogres
  Sonja (D:10)
  A fire crab (Volcano)
  A lindwurm (Volcano)
  15 elephants
  Joseph (D:8)
  A merfolk siren (Lair:3)
  4 black mambas
  2 molten gargoyles (Volcano)
  Maggie (D:6)
  7 cane toads
  4 rime drakes
  10 komodo dragons
  4 polar bears
  A troll (D:9)
  A hornet (D:8)
  Prince Ribbit (D:5)
  16 blink frogs
  Grinder (D:5)
  A slime creature (Lair:5)
  14 dream sheep (Lair:3)
  4 wyverns
  Eustachio (D:6)
  3 wraiths
  46 yaks
  2 fire bats (Volcano)
  2 basilisks
  3 steam dragons
  3 vampire mosquitoes (D:10)
  3 nagas (Lair:3)
  17 water moccasins
  Menkaure (D:4)
  Duvessa (D:6)
  2 hell hounds (Volcano)
  5 black bears
  5 ice beasts
  4 orc warriors
  7 wolves
  3 centaurs
  2 ogres
  2 kobold brigands (D:8)
  9 bullfrogs
  3 scorpions
  4 wights (D:10)
  Dowan (D:6)
  15 killer bees
  2 electric eels
  4 howler monkeys
  6 lava snakes (Volcano)
  2 hounds (D:6)
  3 orc priests
  Natasha (twice) (D:2)
  10 orc wizards
  2 sleepcaps
  4 iguanas
  Ijyb (D:5)
  13 mummies (Ossuary)
  Robin (D:4)
  3 gnolls (D:5)
  16 adders
  A worm (D:5)
  A dart slug (D:5)
  27 orcs
  A ball python (D:1)
  7 endoplasms
  9 giant cockroaches
  21 goblins
  9 hobgoblins
  10 jackals
  11 kobolds
  6 quokkas
  6 bats
  4 frilled lizards
  A gnoll skeleton (Ossuary)
  2 goblin skeletons (Ossuary)
  3 kobold skeletons (Ossuary)
  2 orc skeletons (Ossuary)
  5 rats
  11 rat skeletons (Ossuary)
447 creatures vanquished.

Vanquished Creatures (others)
  A fire vortex (Lair:4)
1 creature vanquished.

Grand Total: 448 creatures vanquished

Notes
Turn   | Place    | Note
-------+----------+-------------------------------------------
     0 | D:1      | meatpath the Troll Monk began the quest for the Orb.
     0 | D:1      | Reached XP level 1. HP: 22/22 MP: 0/0
    99 | D:1      | Reached XP level 2. HP: 29/29 MP: 1/1
   590 | D:2      | Found an ornate altar of the Wu Jian Council.
   619 | D:2      | Reached XP level 3. HP: 35/36 MP: 2/2
   621 | D:2      | Became a worshipper of the Wu Jian Council
   621 | D:2      | Reached * piety under Wu Jian
   621 | D:2      | Reached ** piety under Wu Jian
   670 | D:2      | Noticed Natasha
   675 | D:2      | Killed Natasha
   834 | D:2      | Noticed Natasha
   839 | D:2      | Killed Natasha
   840 | D:2      | Reached XP level 4. HP: 43/45 MP: 3/3
  1373 | D:3      | Reached skill level 4 in Unarmed Combat
  1450 | D:3      | Reached XP level 5. HP: 53/53 MP: 4/4
  1514 | D:3      | Identified the ring "Decul" {rCorr Int+5 Dex+3}
  1620 | D:3      | Found a faded altar of an unknown god.
  1810 | D:4      | Reached XP level 6. HP: 57/62 MP: 5/5
  1835 | D:4      | Found a staircase to the Ecumenical Temple.
  2096 | D:4      | Noticed Menkaure
  2096 | D:4      | Noticed Robin
  2107 | D:4      | Reached *** piety under Wu Jian
  2117 | D:4      | Killed Menkaure
  2118 | D:4      | Reached skill level 5 in Unarmed Combat
  2125 | D:4      | Killed Robin
  2218 | D:4      | You fall into a shaft and drop 1 floor!
  2218 | D:5      | Entered Level 5 of the Dungeon
  2252 | D:4      | Found a glowing silver altar of Zin.
  2260 | D:4      | Reached XP level 7. HP: 70/70 MP: 6/6
  2598 | D:5      | Noticed Grinder
  2612 | D:5      | Killed Grinder
  2651 | D:5      | Reached skill level 6 in Unarmed Combat
  2692 | D:5      | Reached skill level 5 in Fighting
  2692 | D:5      | Reached skill level 5 in Dodging
  2692 | D:5      | Reached XP level 8. HP: 59/80 MP: 7/7
  2761 | D:5      | Noticed Ijyb
  2764 | D:5      | Killed Ijyb
  2897 | D:5      | Noticed Prince Ribbit
  2922 | D:5      | Killed Prince Ribbit
  3136 | D:5      | Reached skill level 7 in Unarmed Combat
  3452 | D:6      | Noticed Dowan
  3452 | D:6      | Noticed Duvessa
  3464 | D:6      | Killed Dowan
  3489 | D:6      | Killed Duvessa
  3567 | D:6      | Found a transporter.
  3602 | D:6      | Reached **** piety under Wu Jian
  3759 | D:6      | Noticed Maggie
  3772 | D:6      | Killed Maggie
  3773 | D:6      | Reached XP level 9. HP: 53/89 MP: 8/8
  3878 | D:6      | Found a transporter.
  3891 | D:6      | Noticed Eustachio
  3903 | D:6      | Killed Eustachio
  4148 | D:7      | Reached skill level 8 in Unarmed Combat
  4267 | D:7      | Found a sand-covered staircase.
  4273 | Ossuary  | Entered an ossuary
  4643 | D:7      | Reached ***** piety under Wu Jian
  4684 | D:7      | Found a large runed translucent door.
  4690 | D:7      | Found a large runed translucent door.
  4967 | D:7      | Found a stormy altar of Qazlal.
  4978 | D:7      | Found a basalt altar of Yredelemnul.
  5058 | D:8      | Found an opulent altar of Gozag.
  5058 | D:8      | Found an opulent altar of Gozag.
  5063 | D:8      | Found an opulent altar of Gozag.
  5240 | D:8      | Found an opulent altar of Gozag.
  5274 | D:8      | Reached skill level 9 in Unarmed Combat
  5274 | D:8      | Reached XP level 10. HP: 90/102 MP: 9/9
  5356 | D:8      | Noticed Joseph
  5379 | D:8      | Killed Joseph
  5546 | D:8      | Found a hazy altar of Hepliaklqana.
  5877 | D:9      | Paralysed by a hornet for 2 turns
  6057 | D:9      | Noticed Harold
  6120 | D:9      | Killed Harold
  6124 | D:9      | Noticed a two-headed ogre
  6282 | D:9      | Got Edesogru's Quarto of Points
  6302 | D:9      | Killed a two-headed ogre
  6303 | D:9      | Reached skill level 10 in Unarmed Combat
  6671 | D:9      | Reached XP level 11. HP: 113/113 MP: 10/10
  6703 | D:9      | Found a staircase to the Lair.
  6922 | D:9      | Found a staircase to the Orcish Mines.
  7193 | D:9      | Upgraded the game from 0.30.0-10-gfe55d96785 to
                  | 0.30.0-11-gf55b779eaf
  7223 | D:10     | Entered Level 10 of the Dungeon
  7223 | D:10     | Noticed Sonja
  7226 | D:10     | Noticed a two-headed ogre
  7229 | D:10     | Killed Sonja
  7233 | D:10     | Killed a two-headed ogre
  7867 | D:10     | Found a broken altar of Ashenzari.
  7909 | D:10     | Reached skill level 1 in Maces & Flails
  7989 | D:9      | Reached skill level 11 in Unarmed Combat
  8161 | D:10     | Noticed a two-headed ogre
  8183 | D:10     | Killed a two-headed ogre
  8323 | Lair:1   | Entered Level 1 of the Lair of Beasts
  8547 | Lair:1   | You fall into a shaft and drop 1 floor!
  8667 | Lair:2   | Reached ****** piety under Wu Jian
  8681 | Lair:2   | Reached skill level 10 in Fighting
  8685 | Lair:2   | Reached XP level 12. HP: 126/126 MP: 11/11
  8760 | Lair:2   | Noticed a four-headed hydra
  8771 | Lair:2   | Killed a four-headed hydra
  8772 | Lair:2   | Reached skill level 12 in Unarmed Combat
  9322 | Lair:1   | Reached skill level 10 in Dodging
 10847 | Lair:3   | Reached skill level 13 in Unarmed Combat
 10893 | Lair:3   | Found a staircase to the Shoals.
 10954 | Lair:3   | Found a dark tunnel.
 10963 | Volcano  | Entered a volcano
 11248 | Volcano  | Found a radiant altar of Vehumet.
 11340 | Volcano  | Reached XP level 13. HP: 114/137 MP: 12/12
 11890 | Lair:3   | Found a staircase to the Snake Pit.
 12748 | Lair:4   | Reached skill level 1 in Evocations
 12761 | Lair:4   | Reached skill level 14 in Unarmed Combat
 13266 | Lair:4   | Reached skill level 1 in Armour
 13741 | Lair:5   | Entered Level 5 of the Lair of Beasts
 13902 | Lair:5   | HP: 5/140 [blink frog (6)]
 13906 | Lair:5   | Slain by a blink frog

Illustrated notes

Levels and vault maps discovered:
D:1:      nicolae_arrival_washed_ashore, layout_rooms, minmay_misc_feat_roman
D:2:      kennysheep_big_flooded_room, layout_loops_ring, basic_altar,
          chequers_avenue, uniq_natasha
D:3:      layout_basic, chequers_ecumenical_altar_grove
D:4:      layout_basic, mainiacjoe_overflow_tiny_flanked,
          minmay_temple_entry_gardened_gates, uniq_menkaure, uniq_robin
D:5:      nicolae_cairo_tiling, layout_basic, minmay_crystal_room,
          uniq_prince_ribbit1, uniq_ijyb, uniq_grinder
D:6:      gammafunk_cloud_chamber, layout_rooms, uniq_eustachio, uniq_maggie,
          uniq_duvessa
D:7:      layout_rooms, jmf_multi_god_temple2, enter_ossuary_2, nrook_campfire
D:8:      layout_cave_pods, nicolae_gozag_conspicuous_consumption,
          mainiacjoe_overflow_catwalk, minivault_23, uniq_joseph
D:9:      layout_basic, hellmonk_lair_entry_icy, enter_bailey_5, uniq_harold
D:10:     layout_gridville, nicolae_ashenzari_panopticon, uniq_sonja
Lair:1:   layout_layer_cave, ldierk_geyser, serial_bayou_shore_a
Lair:2:   layout_loops_ring, chequers_serial_rivers_room_a
Lair:3:   layout_cellular_growth, minmay_shoals_entry_lonely_mermaid,
          minmay_snake_entry_guardpost_small, lightli_volcano_entry_magma_tube,
          grunt_megastairs_3
Lair:4:   layout_gridlike, lemuel_fruit_fields
Lair:5:   minmay_lair_end_enchanted_forest, layout_hall_layers,
          minmay_slime_entry_oklob_enclosed

Skill      XL: |  1  2  3  4  5  6  7  8  9 10 11 12 13 |
---------------+----------------------------------------+-----
Fighting       | 3 4 5 6 7 8 10 11 12 | 12.2
Dodging        | 3 4 5 6 7 8 9 10 11 | 11.2
Unarmed Combat | 4 5 6 7 9 10 11 13 14 | 14.4
Maces & Flails | 3 |  3.2
Evocations     | 2 |  2.1
Armour         | 2 |  2.3

Action                     |  1- 3 |  4- 6 |  7- 9 | 10-12 | 13-15 || total
---------------------------+-------+-------+-------+-------+-------++-------
  Melee: Unarmed           |    69 |   131 |   315 |   597 |   251 ||  1363
         Punch             |       |       |       |    17 |       ||    17
         Giant club        |       |       |       |     4 |       ||     4
         Morningstar       |       |       |       |       |    45 ||    45
Ability: Lunge             |     3 |     7 |    20 |    35 |    14 ||    79
         Whirlwind         |       |     6 |     1 |    10 |     4 ||    21
         Wall Jump         |       |     2 |    25 |     5 |     3 ||    35
  Evoke: Wand              |       |       |       |       |     3 ||     3
    Use: Scroll            |     3 |     4 |    11 |     7 |    13 ||    38
         Potion            |       |       |     1 |     2 |     4 ||     7
 Armour: Robe              |    25 |    25 |    52 |    38 |       ||   140
         Troll leather arm |       |       |       |    88 |    83 ||   171
         Skin              |       |       |       |       |     2 ||     2
  Dodge: Dodged            |    30 |    56 |   167 |   357 |   163 ||   773
